 Dungeon Crawl Stone Soup version 0.30-a0-373-gd37427bb62 (webtiles) character file.

Game seed: 3038941490004289133

76445 sanka the Marksdemigod (level 14, -10/126 HPs)
             Began as a Demigod Hexslinger on Nov 23, 2022.
             Mangled by a skeletal warrior
             ... wielding a +4 battleaxe of freezing
              (20 damage)
             ... on level 14 of the Dungeon.
             The game lasted 00:45:02 (25683 turns).

sanka the Marksdemigod (Demigod Hexslinger)        Turns: 25683, Time: 00:45:02

Health: -10/126    AC: 12    Str: 11    XL:     14   Next: 71%
Magic:  0/19       EV: 34    Int: 15    God:
Gold:   737        SH:  0    Dex: 39    Spells: 11/15 levels left

rFire   . . .      SeeInvis .    a - +0 arbalest
rCold   . . .      Faith    .    (shield currently unavailable)
rNeg    . . .      Spirit   +    D - +0 steam dragon scales
rPois   .          Reflect  .    m - +0 helmet
rElec   .          Harm     .    Z - +1 cloak
rCorr   .          Rampage  .    b - +2 pair of gloves {Dex+3}
Will    +....                    L - +0 pair of boots
Stlth   +++.......               G - amulet of guardian spirit
HPRegen 0.41/turn                C - +4 ring of evasion
MPRegen 0.16/turn                h - +6 ring of dexterity

@: no status effects
A: high MP 1, forlorn, divine attributes
a: no special abilities


You were on level 14 of the Dungeon.
You visited 3 branches of the dungeon, and saw 21 of its levels.

You collected 2080 gold pieces.
You spent 1343 gold pieces at shops.


Innate Abilities, Weirdness & Mutations

You have an increased reservoir of magic. (+10% MP)
You shall have no god before yourself.
Your divine heritage dramatically boosts your attributes as you level up.


   Skills:
 - Level 12.0 Fighting
 - Level 18.0 Ranged Weapons
 - Level 12.0 Dodging
 - Level 1.0 Spellcasting
 + Level 4.6 Hexes
 + Level 3.5 Translocations


You had 11 spell levels left.
You knew the following spells:

 Your Spells              Type           Power      Damage    Failure   Level
x - Portal Projectile     Hex/Tloc       26%        N/A       14%         3
z - Slow                  Hex            56%        N/A       3%          1

Your spell library contained the following spells:

 Spells                   Type           Power      Damage    Failure   Level
 Apportation              Tloc           22%        N/A       6%          1
 Ensorcelled Hibernation  Hex/Ice        14%        N/A       14%         2
 Gell's Gravitas          Tloc           11%        N/A       17%         3
 Teleport Other           Tloc           11%        N/A       17%         3
 Beastly Appendage        Tmut           0%         N/A       24%         1
 Inner Flame              Hex/Fire       7%         N/A       28%         3
 Vhi's Electric Charge    Tloc/Air       12%        N/A       34%         3
 Cigotuvi's Dreadful Rot  Necr/Pois/Air  0%         N/A       36%         2
 Static Discharge         Conj/Air       0%         2-2/arc   36%         2
 Sublimation of Blood     Necr           0%         N/A       36%         2
 Wereblood                Tmut           0%         N/A       36%         2
 Cause Fear               Hex            7%         N/A       36%         4
 Kindle Blastsparks       Fire/Tloc/Air  8%         2d10      41%         3
 Passage of Golubria      Tloc           11%        N/A       50%         4
 Hailstorm                Conj/Ice       0%         3d3       58%         3
 Ignite Poison            Fire/Tmut/Pois 0%         N/A       58%         3
 Spider Form              Tmut/Pois      0%         N/A       58%         3
 Stone Arrow              Conj/Erth      0%         3d7       58%         3
 Animate Armour           Summ/Erth      0%         N/A       94%         4
 Animate Dead             Necr           0%         N/A       94%         4
 Dispel Undead            Necr           0%         3d6       94%         4
 Ice Form                 Ice/Tmut       0%         N/A       94%         4
 Petrify                  Tmut/Erth      0%         N/A       94%         4
 Silence                  Hex/Air        3%         N/A       95%         5
 Alistair's Intoxication  Tmut/Pois      0%         N/A       100%        5
 Arcjolt                  Conj/Air       0%         1d10      100%        5
 Freezing Cloud           Conj/Ice/Air   0%         6-21      100%        5
 Irradiate                Conj/Tmut      0%         3d11      100%        5
 Lightning Bolt           Conj/Air       0%         1d11      100%        5
 Death Channel            Necr           0%         N/A       100%        6
 Dispersal                Tloc           5%         N/A       100%        6
 Simulacrum               Ice/Necr       0%         N/A       100%        6
 Haunt                    Necr/Summ      0%         N/A       100%        7
 Spellforged Servitor     Conj/Summ      0%         N/A       100%        7
 Infestation              Necr           0%         N/A       100%        8
 Lehudib's Crystal Spear  Conj/Erth      0%         10d2      100%        8

Inventory:

Hand Weapons
 a - a +0 arbalest (weapon)
Missiles
 z - 8 throwing nets {=f}
 U - 3 curare-tipped darts {=f}
Armour
 b - a +2 pair of gloves of dexterity (worn)
 m - a +0 helmet (worn)
 D - +0 steam dragon scales (worn)
 L - a +0 pair of boots (worn)
 Z - a +1 cloak (worn)
Magical Staves
 J - a staff of air
Jewellery
 d - a ring of ice
 h - a +6 ring of dexterity (right hand)
 l - a ring of fire
 C - a +4 ring of evasion (left hand)
 E - a ring of magical power
 F - a ring of resist corrosion
 G - an amulet of guardian spirit (around neck)
 X - a ring of protection from cold
Wands
 r - a wand of mindburst (14)
 t - a wand of roots (18)
 N - a wand of light (16)
 P - a wand of digging (6)
 Y - a wand of charming (8)
Scrolls
 f - 2 scrolls of vulnerability {!r}
 g - 2 scrolls of fog
 k - 4 scrolls of enchant weapon
 n - 2 scrolls of enchant armour
 o - 6 scrolls of teleportation {@r4}
 p - a scroll of silence {!r}
 u - 6 scrolls of poison {!r}
 w - 2 scrolls of fear
 y - a scroll of magic mapping
 T - 3 scrolls of summoning
 W - a scroll of blinking
Potions
 c - 7 potions of haste {@q3}
 e - a potion of ambrosia {unknown}
 i - 11 potions of heal wounds {@q2}
 j - 3 potions of lignification {!q}
 q - 7 potions of might
 s - a potion of brilliance {unknown}
 v - 8 potions of curing {@q1}
 x - 2 potions of magic
 B - 6 potions of flight
 H - 2 potions of invisibility
 O - a potion of resistance {unknown}
 R - 2 potions of cancellation

Dungeon Overview and Level Annotations

Branches:
Dungeon (14/15)            Temple (0/1) D:4            Lair (5/5) D:10
 Shoals (0/4) Lair:3       Spider (0/4) Lair:2        Slime (0/5) Lair:5
    Orc (2/2) D:10            Elf (0/3) Orc:2
 Vaults: D:13-14

Shops:
D:7 [   D:9 [   D:13 (((=(   Orc:2 :(*!

Portals:
Pandemonium: Orc:2

▒...▒ ▒▒.▒▒ ▒▒...▒▒
▒.....▒ ▒▒...▒▒
▒▒....J▒▒▒▒ ▒......z▒.▒▒▒▒
▒▒▒▒ .............▒.▒▒▒▒
▒....
...........zp.....▒▒.>...
▒.............▒.▒▒........
▒▒.▒.......▒.▒▒▒▒.........
▒▒▒▒.....▒▒▒▒▒▒).........
▒▒...▒▒ ▒..<........ ▒....
▒............ ▒▒...
▒............. ▒▒
▒.▒▒........... ▒..
▒.........[(


You could see 2 skeletal warriors and a large slime creature.


Message History

You shoot a bolt. The bolt hits the skeletal warrior!
You destroy the skeletal warrior!
The skeletal warrior misses you. The skeletal warrior misses you.
You shoot a bolt.
The bolt completely misses the skeletal warrior.
The skeletal warrior closely misses you.
The skeletal warrior closely misses you.
A slime creature merges with something you can't see.
You shoot a bolt.
The bolt barely misses the skeletal warrior.
The skeletal warrior hits you with a +4 battleaxe of freezing!!
* * * LOW HITPOINT WARNING * * *
The skeletal warrior freezes you!
* * * LOW HITPOINT WARNING * * *
The skeletal warrior attacks as you move away!
The skeletal warrior hits you with a +4 battleaxe of freezing!
* * * LOW HITPOINT WARNING * * *
The skeletal warrior freezes you.
The skeletal warrior attacks as you move away!
The skeletal warrior completely misses you.
The skeletal warrior attacks as you move away!
The skeletal warrior hits you with a +4 battleaxe of freezing!!
* * * LOW HITPOINT WARNING * * *
The skeletal warrior freezes you.
* * * LOW HITPOINT WARNING * * *
The skeletal warrior attacks as you move away!
The skeletal warrior hits you with a +4 battleaxe of freezing!!
You die...

Action                   |  1- 3 |  4- 6 |  7- 9 | 10-12 | 13-15 || total
-------------------------+-------+-------+-------+-------+-------++-------
Melee: Lajatang          |       |    23 |   223 |   365 |       ||   611
 Fire: Sling             |   118 |   191 |     5 |       |       ||   314
       Shortbow          |       |       |     3 |    26 |       ||    29
       Arbalest          |       |       |       |   312 |   843 ||  1155
Evoke: Wand              |       |       |       |     7 |       ||     7
  Use: Scroll            |       |       |    10 |     4 |    10 ||    24
       Potion            |       |       |       |     1 |       ||     1
 Stab: Sleeping          |       |       |     2 |     3 |       ||     5
       Distracted        |       |       |     1 |       |       ||     1
Armor: Robe              |     8 |    22 |    38 |    96 |    59 ||   223
       Steam dragon scal |       |       |     4 |       |    13 ||    17
Dodge: Dodged            |    35 |    72 |   311 |   847 |   684 ||  1949

Levels and vault maps discovered:
D:1:      nzn_arrival_crosshair, layout_loops_ring
D:2:      layout_rooms, serial_bayou_pond_d, uniq_jessica
D:3:      layout_rooms, shapermc_ecumenical_altar_flowoftime, uniq_robin
D:4:      layout_cave_pods, minmay_temple_entry_offerings
D:5:      layout_loops_ring, uniq_edmund
D:6:      layout_rooms, zin_statuary, mainiacjoe_overflow_chevrons, uniq_maggie
D:7:      layout_basic, minitemple, serial_demonic, serial_demonic_d,
          serial_demonic_d, serial_demonic_b, serial_demonic_f, serial_shops,
          shop, minmay_misc_feat_alley, uniq_prince_ribbit1
D:8:      layout_gridville, uniq_erica, uniq_joseph
D:9:      layout_gridville, serial_shops, shop, nicolae_two_hexagons
D:10:     layout_loops_ring, dpeg_oklobed_lair, erik_orc_2,
          nicolae_fountain_basement
D:11:     layout_gridville
D:12:     lemuel_ice_spiral_2, layout_basic, nicolae_titane, uniq_erolcha
D:13:     layout_long_grid, serial_shops, nicolae_square_shop, shop, shop, shop,
          nicolae_shop_trees, nicolae_ru_sacrificial_ziggurat
D:14:     layout_cave_pods, david_vaults_1, ebering_ghost_gozag,
          lemuel_doored_altar, serial_bayou_lagoon_a, grunt_ministairs_6,
          small_statue_intersection, nicolae_figureground_sparkle, uniq_azrael
Lair:1:   layout_small_grid, grunt_megastairs_1, uniq_gastronok
Lair:2:   layout_regular_city, nicolae_spider_entry_orb_guardian,
          disabler_island, grunt_megastairs_4, uniq_harold
Lair:3:   layout_gridlike, elwin_shoals_entry_rocks, dpeg_oklob_1,
          infiniplex_staircase_pool, uniq_josephine
Lair:4:   layout_cave_pods, grunt_forest_small_clearings, st_stairs_4
Lair:5:   minmay_lair_end_frog_pond, layout_loops_ring, dpeg_slime_entry_corner,
          chequers_serial_rivers_micro_d, nicolae_lair_lindhole,
          infiniplex_staircase_pool_2
Orc:1:    layout_caves, basic_altar, mines3_lemuel
Orc:2:    pf_orc_diabolical, layout_diamond_mine, mumra_transporter_accident

Notes
Turn   | Place    | Note
-------+----------+-------------------------------------------
     0 | D:1      | sanka the Demigod Hexslinger began the quest for the Orb.
     0 | D:1      | Reached XP level 1. HP: 15/15 MP: 4/4
    11 | D:1      | Reached skill level 1 in Fighting
   128 | D:1      | Reached skill level 2 in Fighting
   163 | D:1      | Reached XP level 2. HP: 24/24 MP: 5/5
   660 | D:1      | Reached XP level 3. HP: 27/30 MP: 6/6
   852 | D:2      | Reached skill level 3 in Fighting
   852 | D:2      | Reached skill level 2 in Ranged Weapons
  1048 | D:2      | Noticed Jessica
  1060 | D:2      | Killed Jessica
  1061 | D:2      | Reached XP level 4. HP: 25/38 MP: 8/8
  1152 | D:2      | Reached skill level 3 in Ranged Weapons
  1423 | D:2      | Learned a level 3 spell: Portal Projectile
  1545 | D:3      | Noticed Robin
  1594 | D:2      | Killed Robin
  1845 | D:3      | Reached skill level 4 in Ranged Weapons
  1845 | D:3      | Reached XP level 5. HP: 42/45 MP: 9/9
  2293 | D:4      | Identified the +9 lajatang of Imbalance {venom, rC+ Str+4}
  2305 | D:4      | Found a staircase to the Ecumenical Temple.
  2636 | D:4      | Reached skill level 2 in Dodging
  2975 | D:5      | Entered Level 5 of the Dungeon
  2981 | D:5      | Noticed Edmund
  3038 | D:5      | Killed Edmund
  3039 | D:5      | Reached skill level 5 in Ranged Weapons
  3039 | D:5      | Reached XP level 6. HP: 38/51 MP: 10/10
  3328 | D:5      | Reached skill level 3 in Dodging
  3449 | D:5      | Reached XP level 7. HP: 48/58 MP: 11/11
  3613 | D:5      | Reached skill level 4 in Fighting
  4176 | D:6      | Reached skill level 4 in Dodging
  4521 | D:6      | Reached skill level 5 in Fighting
  4576 | D:6      | Identified +0 steam dragon scales
  4576 | D:6      | Noticed Maggie
  4584 | D:6      | Killed Maggie
  4585 | D:6      | Reached skill level 5 in Dodging
  4585 | D:6      | Reached XP level 8. HP: 48/70 MP: 12/12
  5117 | D:7      | Noticed Prince Ribbit
  5128 | D:7      | Reached skill level 6 in Fighting
  5209 | D:7      | Killed Prince Ribbit
  5210 | D:7      | Reached skill level 6 in Dodging
  5335 | D:7      | Found Balog's Antique Armour Shop.
  5486 | D:7      | Identified the +2 robe of the Trees {-Cast rF+ Str+4}
  5591 | D:7      | Reached skill level 7 in Fighting
  5965 | D:7      | Bought a pair of boots for 162 gold pieces
  6014 | D:8      | Reached XP level 9. HP: 50/75 MP: 13/13
  6024 | D:8      | Reached skill level 7 in Dodging
  6317 | D:8      | Noticed Erica
  6340 | D:8      | Killed Erica
  6341 | D:8      | Reached skill level 8 in Fighting
  6341 | D:8      | Reached skill level 8 in Dodging
  6429 | D:8      | Noticed Joseph
  6440 | D:8      | Killed Joseph
  6805 | D:8      | Identified the +5 scale mail of Buzecug {Str+5}
  7216 | D:9      | Reached skill level 9 in Fighting
  7270 | D:9      | Found Puerenla's Antique Armour Boutique.
  7428 | D:9      | Reached skill level 9 in Dodging
  7428 | D:9      | Reached XP level 10. HP: 84/91 MP: 14/14
  7890 | D:9      | Noticed a two-headed ogre
  7896 | D:9      | Killed a two-headed ogre
  8048 | D:9      | Reached skill level 10 in Fighting
  8221 | D:10     | Entered Level 10 of the Dungeon
  8221 | D:10     | Noticed a two-headed ogre
  8242 | D:9      | Killed a two-headed ogre
  8243 | D:9      | Reached skill level 10 in Dodging
  8720 | D:10     | Found a staircase to the Lair.
  8732 | D:10     | Identified +0 acid dragon scales
  8743 | D:10     | Noticed a two-headed ogre
  8910 | D:10     | Killed a two-headed ogre
  9332 | D:10     | Reached XP level 11. HP: 86/101 MP: 15/15
  9386 | D:10     | Found a staircase to the Orcish Mines.
  9782 | D:11     | Reached skill level 11 in Fighting
  9782 | D:11     | Reached skill level 11 in Dodging
  9939 | D:11     | Noticed a boulder beetle
  9954 | D:11     | Killed a boulder beetle
 10429 | Orc:1    | Entered Level 1 of the Orcish Mines
 10931 | Orc:2    | Entered Level 2 of the Orcish Mines
 11067 | Orc:2    | Noticed an orc knight
 11086 | Orc:2    | Killed an orc knight
 11090 | Orc:2    | Reached skill level 6 in Ranged Weapons
 11641 | Orc:2    | Found Benirace's Distillery.
 11643 | Orc:2    | Found Xeureckoma's General Store.
 11895 | Orc:2    | Noticed a soul eater
 11910 | Orc:2    | Noticed an orc knight
 11912 | Orc:2    | Killed a soul eater
 11917 | Orc:2    | Killed an orc knight
 11918 | Orc:2    | Reached skill level 12 in Fighting
 11918 | Orc:2    | Reached skill level 12 in Dodging
 12069 | Orc:2    | Reached skill level 7 in Ranged Weapons
 12643 | Orc:2    | Noticed an ettin
 12652 | Orc:2    | HP: 9/104 [ettin/+0 dire flail (33)]
 12674 | Orc:2    | Killed an ettin
 12994 | Orc:2    | Reached skill level 8 in Ranged Weapons
 13038 | Orc:2    | Found a staircase to the Elven Halls.
 13177 | Orc:2    | Noticed a soul eater
 13195 | Orc:2    | Killed a soul eater
 13243 | Orc:2    | Noticed an orc high priest
 13243 | Orc:2    | Noticed an orc knight
 13255 | Orc:2    | Reached XP level 12. HP: 112/112 MP: 16/16
 13492 | Orc:2    | Paralysed by an orc sorcerer for 2 turns
 13505 | Orc:2    | Reached skill level 9 in Ranged Weapons
 13779 | Orc:2    | Noticed a demonspawn
 14019 | Orc:2    | Reached skill level 10 in Ranged Weapons
 14033 | Orc:2    | Noticed a demonspawn
 14101 | Orc:2    | HP: 8/112 [demonspawn (8)]
 14102 | Orc:2    | HP: 2/112 [demonspawn (6)]
 14103 | Orc:2    | Killed a demonspawn
 14599 | Orc:2    | Killed a demonspawn
 14600 | Orc:2    | Reached skill level 11 in Ranged Weapons
 14832 | Orc:2    | Found Elyng's Antique Weapon Boutique.
 14832 | Orc:2    | Found a one-way gate leading to the halls of Pandemonium.
 14832 | Orc:2    | Found Maqotosao's Book Shop.
 14930 | Orc:2    | Bought a potion of heal wounds for 80 gold pieces
 14930 | Orc:2    | Bought a potion of heal wounds for 80 gold pieces
 14930 | Orc:2    | Bought a potion of might for 64 gold pieces
 15078 | D:7      | Bought a pair of embroidered gloves for 270 gold pieces
 15206 | Lair:1   | Entered Level 1 of the Lair of Beasts
 15335 | Lair:1   | Reached skill level 12 in Ranged Weapons
 15345 | Lair:1   | Noticed Gastronok
 15355 | Lair:1   | Killed Gastronok
 16628 | Lair:2   | Reached skill level 13 in Ranged Weapons
 16653 | Lair:2   | Reached XP level 13. HP: 92/118 MP: 17/17
 17006 | Lair:2   | Noticed Harold
 17015 | Lair:2   | Killed Harold
 17093 | Lair:2   | Found a hole to the Spider Nest.
 17180 | Lair:2   | Reached skill level 14 in Ranged Weapons
 18065 | Lair:3   | Reached skill level 15 in Ranged Weapons
 18513 | Lair:3   | Found a staircase to the Shoals.
 18701 | Lair:3   | Noticed Josephine
 18705 | Lair:3   | Killed Josephine
 19092 | Lair:3   | Got Qeafotz's Vellum of the Winter and Battling
 19140 | Lair:3   | Reached skill level 16 in Ranged Weapons
 19515 | Lair:4   | Identified a scroll of acquirement
 19516 | Lair:4   | Acquired a +2 pair of gloves of dexterity
 20163 | Lair:5   | Entered Level 5 of the Lair of Beasts
 20188 | Lair:5   | Reached XP level 14. HP: 126/126 MP: 19/19
 20474 | Lair:5   | Found a staircase to the Slime Pits.
 20547 | Lair:5   | Reached skill level 17 in Ranged Weapons
 20931 | Lair:5   | Identified the +8 falchion of Cuguxtoz {drain, rF- Will+
                  | Str+7}
 21997 | D:12     | Reached skill level 18 in Ranged Weapons
 22080 | D:9      | Bought a glowing robe for 111 gold pieces
 22954 | D:12     | Noticed Erolcha
 23344 | D:12     | Killed Erolcha
 23500 | D:13     | Found Hutior's Weapon Shop.
 23563 | D:13     | Reached skill level 3 in Hexes
 23563 | D:13     | Reached skill level 1 in Translocations
 23609 | D:13     | Found Takluff's Jewellery Shoppe.
 23811 | D:13     | Reached skill level 2 in Translocations
 23860 | D:13     | Found Yssumapn's Antique Weapon Shop.
 23915 | D:13     | Found Agoluism's Weapon Boutique.
 23999 | D:13     | Found Citwoyps's Weapon Shop.
 24306 | D:13     | Bought a +6 ring of dexterity for 576 gold pieces
 24313 | D:14     | Noticed Azrael
 24428 | D:14     | Reached skill level 4 in Hexes
 24649 | D:13     | Reached skill level 3 in Translocations
 24858 | D:13     | Found Yssumapn's Antique Weapon Shop.
 24868 | D:13     | Found Agoluism's Weapon Boutique.
 24945 | D:13     | Found Citwoyps's Weapon Shop.
 25020 | D:13     | Found Hutior's Weapon Shop.
 25362 | D:13     | Found Takluff's Jewellery Shoppe.
 25564 | D:14     | Killed Azrael
 25681 | D:14     | HP: 10/126 [skeletal warrior/+4 battleaxe of freezing (18)]
 25683 | D:14     | Mangled by a skeletal warrior

Vanquished Creatures
  Gastronok (Lair:1)
  Azrael (D:14)
  An ettin (Orc:2)
  Josephine (Lair:3)
  Harold (Lair:2)
  3 hydras
  Erolcha (D:12)
  A catoblepas (Lair:5)
  2 demonspawn (Orc:2)
  2 boulder beetles
  4 tengu warriors (D:13)
  Erica (D:8)
  4 death yaks (Lair:2)
  4 two-headed ogres
  5 orc high priests (Orc:2)
  2 soul eaters (Orc:2)
  A skeletal warrior (D:14)
  An orb spider (Lair:2)
  A lindwurm (Lair:5)
  4 orc knights (Orc:2)
  2 oklob plants
  2 ugly things
  6 orc sorcerers (Orc:2)
  3 cyclopes
  23 elephants
  Joseph (D:8)
  A torpor snail (Lair:1)
  A gargoyle (D:12)
  2 black mambas
  24 cane toads
  2 unseen horrors
  Maggie (D:6)
  2 rime drakes
  A tengu conjurer (D:13)
  A hellwing (Orc:2)
  10 komodo dragons
  6 trolls
  A red devil (Orc:2)
  4 polar bears
  Prince Ribbit (D:7)
  3 tyrant leeches (Lair:5)
  6 slime creatures
  13 blink frogs (Lair:5)
  3 shadows
  5 wraiths
  41 yaks
  A vampire (D:12)
  4 wyverns
  5 fire elementals (D:13)
  2 basilisks
  8 vampire mosquitoes
  Edmund (D:5)
  3 acid dragons
  A warg (Orc:2)
  8 water moccasins
  A hell hound (D:13)
  2 sky beasts
  30 orc warriors
  3 black bears
  18 wolves
  7 ogres
  5 centaurs
  2 kobold brigands
  14 bullfrogs
  A necrophage (D:6)
  A gnoll sergeant (Orc:1)
  A scorpion (D:5)
  5 wights (D:8)
  5 killer bees (D:9)
  4 howler monkeys
  8 electric eels
  3 hounds
  A jelly (D:4)
  A quasit (D:7)
  23 orc priests
  A gnoll bouda (D:5)
  Jessica (D:2)
  15 orc wizards
  Robin (D:2)
  20 gnolls
  8 adders
  4 shadow imps
  4 white imps
  2 ufetubi (D:7)
  A worm (D:5)
  2 dart slugs
  60 orcs
  6 endoplasms
  A giant cockroach (D:2)
  12 goblins
  10 hobgoblins
  3 jackals (D:2)
  5 quokkas
  12 ball pythons
  7 bats
  8 frilled lizards
  25 kobolds
  A rat (D:1)
583 creatures vanquished.

Vanquished Creatures (others)
  2 bushes
  38 fungi
  96 plants
  A withered plant (D:3)
137 creatures vanquished.

Grand Total: 720 creatures vanquished
